 Dungeon Crawl Stone Soup version 0.22.1-5-g62c59d919a (webtiles) character file.

155 Masnef the Magician (level 5, -1/28 HPs)
             Began as a Deep Elf Wizard on Dec 31, 2018.
             Slain by a goblin
             ... wielding a +0 club
             ... led by Robin
              (5 damage)
             ... on level 4 of the Dungeon on Jan 12, 2019.
             The game lasted 00:14:02 (3745 turns).

Masnef the Magician (Deep Elf Wizard)               Turns: 3745, Time: 00:14:04

Health: -1/28      AC:  3    Str:  4    XL:     5   Next: 14%
Magic:  1/15       EV: 17    Int: 24    God:
Gold:   139        SH:  0    Dex: 18    Spells: 2/15 levels left

rFire    . . .     SeeInvis .   p - +5 whip
rCold    . . .     Gourm    .   (no shield)
rNeg     . . .     Faith    .   a - +0 robe
rPois    .         Spirit   .   s - +0 hat
rElec    .         Reflect  .   m - +0 cloak
rCorr    .         Harm     .   (no gloves)
MR       .....                  (no boots)
Stlth    +++.......             (no amulet)
HPRegen  0.09/turn              e - ring of wizardry
MPRegen  0.14/turn              (no ring)

@: agile, flying, very slightly contaminated, heavily drained
A: no striking features
a: no special abilities


You were on level 4 of the Dungeon.
You were hungry.

You visited 1 branch of the dungeon, and saw 4 of its levels.

You collected 139 gold pieces.

Inventory:

Hand Weapons
 c - a +0 club
 g - a +0 hand axe
 n - a +0 dagger
 p - a +5 whip (weapon)
Armour
 a - a +0 robe (worn)
 b - a +0 hat
 m - a +0 cloak (worn)
 s - a +0 hat (worn)
Jewellery
 e - a ring of wizardry (left hand)
 j - an uncursed amulet of harm
Scrolls
 f - a scroll of remove curse
 l - 3 scrolls of identify
 q - 3 scrolls of blinking {unknown}
 w - a scroll of amnesia {unknown}
Potions
 u - a potion of berserk rage {unknown}
Comestibles
 d - 7 rations


   Skills:
 + Level 3.1(1.8) Dodging
 - Level 2.4(1.1) Stealth
 - Level 5.5(4.1) Spellcasting
 + Level 4.3(3.0) Conjurations
 - Level 1.1(0.0) Summonings
 - Level 1.1(0.0) Translocations


You had 2 spell levels left.
You knew the following spells:

 Your Spells              Type           Power        Failure   Level  Hunger
a - Magic Dart            Conj           ###.         1%          1    None
b - Blink                 Tloc           N/A          6%          2    None
c - Call Imp              Summ           #.......     6%          2    None
d - Slow                  Hex            #.......     6%          2    None
e - Mephitic Cloud        Conj/Pois/Air  #.......     8%          3    ##.....
f - Conjure Flame         Conj/Fire      ##......     6%          3    ##.....

Your spell library contained the following spells:

 Spells                   Type           Power        Failure   Level  Hunger


Dungeon Overview and Level Annotations

Branches:
Dungeon (4/15)
 Temple: D:4-7

Altars:
Ashenzari
Nemelex Xobeh
Okawaru
Qazlal
Zin
The Shining One

Annotations:
D:4 Robin


Message History

You hit the rat.
You kill the rat!
Robin throws the goblin at you! The goblin hits you.
* * * LOW HITPOINT WARNING * * *
It was a potion of flight.
You feel very buoyant.
You fly up into the air.
The goblin hits you.
* * * LOW HITPOINT WARNING * * *
The goblin misses you.
Unknown command.
It was a potion of agility.
You feel agile all of a sudden. The goblin completely misses you.
The goblin closely misses you.
Casting: Blink (safe; 6% risk of failure)
Confirm with . or Enter, or press ? or * to list all spells.
You blink.
You are feeling hungry.
An adder comes into view.
The goblin hits you with a club.
You die...

,,,,,,,,,,,,* ##.####.#.#.#.#..
,,*********,* #.#.a...........#
,,,* *,* ##(####g#.#.#.### ,*,*
*,* #.#*##Zg.<.#.#** ,*,*
*,*#####.##g.........,, **,*
*,*.......rgg...######,
*,***********#...##gg##### *,
*,*≈≈≈≈≈≈*≈≈≈#...##gg# *,
**,******≈*≈*≈#≈@gg#.## *,
,,,*≈≈≈≈*≈*≈*≈#≈...†g# *,
****∩**≈≈≈≈≈*≈≈≈≈..### *,
***********≈#≈#≈...# *,
,,,*≈≈≈≈≈≈≈≈#≈≈≈...# *,
*****≈******#≈#...## *,
*≈≈≈≈≈≈≈*≈≈≈..#* *,
************#≈S....** ********,
,,,,,,,,,,,,,,*,,,,,*****,,,,,,,,


You could see an adder (wandering) and 3 goblins.

Vanquished Creatures
  2 orc priests (D:3)
  2 gnolls (D:2)
  A dart slug (D:2)
  3 leopard geckos
  5 orcs
  5 bats
  5 giant cockroaches
  6 hobgoblins
  3 jackals (D:1)
  6 kobolds
  2 quokkas (D:2)
  3 frilled lizards
  4 goblins
  6 rats
53 creatures vanquished.

Vanquished Creatures (collateral kills)
  A gnoll (D:2)
  2 adders (D:2)
  2 orcs (D:3)
  A bat (D:2)
  A goblin (D:1)
  2 hobgoblins (D:2)
9 creatures vanquished.

Grand Total: 62 creatures vanquished

Notes
Turn   | Place    | Note
-------+----------+-------------------------------------------
     0 | D:1      | Masnef the Deep Elf Wizard began the quest for the Orb.
     0 | D:1      | Reached XP level 1. HP: 10/10 MP: 7/7
   256 | D:1      | Reached skill level 5 in Spellcasting
   265 | D:1      | Reached XP level 2. HP: 15/15 MP: 3/10
   415 | D:1      | Learned a level 2 spell: Blink
   418 | D:1      | Learned a level 2 spell: Call Imp
   421 | D:1      | Learned a level 2 spell: Slow
  1111 | D:1      | Upgraded the game from 0.22.1-2-g9c5b331383 to
                  | 0.22.1-5-g62c59d919a
  1618 | D:2      | Reached XP level 3. HP: 15/19 MP: 2/12
  1954 | D:2      | Found a shattered altar of Ashenzari.
  2301 | D:2      | Reached XP level 4. HP: 10/24 MP: 6/13
  2308 | D:2      | Learned a level 3 spell: Mephitic Cloud
  2499 | D:2      | Learned a level 3 spell: Conjure Flame
  3013 | D:3      | Found a sparkling altar of Nemelex Xobeh.
  3370 | D:3      | Reached XP level 5. HP: 24/28 MP: 0/15
  3503 | D:3      | Found a glowing silver altar of Zin.
  3504 | D:3      | Found a stormy altar of Qazlal.
  3504 | D:3      | Found an iron altar of Okawaru.
  3504 | D:3      | Found a glowing golden altar of the Shining One.
  3737 | D:4      | Noticed Robin
  3745 | D:4      | Slain by a goblin

Skill      XL: |  1  2  3  4 |
---------------+-------------+-----
Spellcasting   | 5 |  5.5
Conjurations   | 3 4 |  4.3
Dodging        | 3 |  3.1
Stealth        | |  2.4
Summonings     | |  1.1
Translocations | |  1.1

Action                   |  1- 3 |  4- 6 || total
-------------------------+-------+-------++-------
Melee: Club              |     3 |       ||     3
       Hand axe          |    23 |       ||    23
       Dagger            |    36 |    49 ||    85
       Whip              |       |     5 ||     5
 Cast: Magic Dart        |    55 |    48 ||   103
       Call Imp          |    11 |     1 ||    12
       Blink             |     6 |     3 ||     9
       Slow              |     1 |     5 ||     6
       Mephitic Cloud    |       |     2 ||     2
       Conjure Flame     |       |     2 ||     2
  Use: Scroll            |       |     6 ||     6
       Potion            |       |     3 ||     3
 Stab: Sleeping          |     2 |     1 ||     3
  Eat: Chunk             |     3 |     2 ||     5
       Ration            |       |     1 ||     1
Armor: Robe              |    16 |    18 ||    34
Dodge: Dodged            |    88 |    53 ||   141
